 Dungeon Crawl Stone Soup version 0.21-a0-143-g1ab7d47 (webtiles) character file.

108 Manul the Chopper (level 4, 0/32 HPs)
             Began as a Mummy Wanderer on July 25, 2017.
             Slain by an orc
             ... wielding a +0 flail
              (10 damage)
             ... on level 3 of the Dungeon.
             The game lasted 00:01:59 (3216 turns).

Manul the Chopper (Mummy Wanderer)                  Turns: 3216, Time: 00:02:00

Health: 0/32       AC:  3    Str: 14    XL:     4   Next: 58%
Magic:  4/4        EV: 12    Int: 12    God:
Gold:   68         SH:  0    Dex: 12    Spells: 2/3 levels left

rFire    x . .     SeeInvis .   a - +3 hand axe
rCold    + . .     Gourm    .   (no shield)
rNeg     + + +     Faith    .   f - +0 leather armour
rPois    ∞         Spirit   .   (no helmet)
rElec    .         Reflect  .   (no cloak)
rCorr    .         Harm     .   (no gloves)
MR       .....                  (no boots)
Stlth    ..........             (no amulet)
HPRegen  0.10/turn              g - ring of positive energy
MPRegen  0.09/turn              n - ring of loudness (curse)

@: no status effects
A: no food or potions, fire vulnerability, cold resistance 1, negative energy
resistance 3, torment resistance, unbreathing
a: no special abilities


You were on level 3 of the Dungeon.
You were not hungry.

You visited 1 branch of the dungeon, and saw 3 of its levels.

You collected 68 gold pieces.

Inventory:

Hand Weapons
 a - a +3 hand axe (weapon)
 c - a +0 quarterstaff
Armour
 d - a +0 robe
 f - a +0 leather armour (worn)
Jewellery
 g - a ring of positive energy (left hand)
 n - a cursed ring of loudness (right hand)
Wands
 i - a wand of scattershot (5/9)
Scrolls
 b - 4 scrolls of teleportation
 e - 3 scrolls of identify
 j - a scroll of remove curse {unknown}
 l - a scroll of noise {unknown}
 m - a scroll of enchant armour
Books
 h - a book of Misfortune

   Spells                             Type                      Level
   a - Confusing Touch                Hexes                        1
   b - Confuse                        Hexes                        3
   c - Gell's Gravitas                Translocation                3
   d - Petrify                        Transmutation/Earth          4
   e - Metabolic Englaciation         Hexes/Ice                    5
   f - Yara's Violent Unravelling     Hexes/Transmutation          5


   Skills:
 + Level 1.4 Fighting
 + Level 3.7 Axes
 + Level 1.0 Staves
 + Level 2.0 Armour
 + Level 1.9 Dodging
   Level 1.0 Shields
 + Level 1.0 Evocations


You had 2 spell levels left.
You knew the following spells:

 Your Spells              Type           Power        Failure   Level  Hunger
a - Confusing Touch       Hex            #.....       38%         1    N/A

Dungeon Overview and Level Annotations

Branches:
Dungeon (3/15)

Altars:
The Shining One


Innate Abilities, Weirdness & Mutations

You do not eat or drink.
Your flesh is vulnerable to fire.
You are immune to poison.
Your flesh is cold resistant. (rC+)
You are immune to negative energy. (rN+++)
You are immune to unholy pain and torment.
You can survive without breathing.


Message History

You kill the rat!
You slash the orc!
You kill the orc!
Found a stone staircase leading down.
You see here a rat corpse.
You hit the orc.
The orc is almost dead.
You barely miss the hobgoblin. The orc barely misses you.
The hobgoblin hits you but does no damage.
You hit the orc.
You kill the orc!
You closely miss the hobgoblin. The hobgoblin hits you.
The orc hits you with a flail.
You barely miss the orc. You hit the hobgoblin.
The hobgoblin closely misses you. The orc hits you with a flail!
* * * LOW HITPOINT WARNING * * *
You see here a war axe.
The orc barely misses you. The orc hits you with a flail!
You die...

#....≈ #≈.....## ##.####.. .....≈
#≈....### #..# ##. .....≈#
##≈.....## ##.## #.
.....≈≈####≈≈......#####..######)
.?....≈≈≈≈≈≈...........>....).<.)
...................#####.#######.
..##...)......##..## #...# #.
>..#...†).....#...####.### #.
#.............oo@......# #.
##......#.....g######### #.
#.....###....## ## ##############


You could see 2 orcs and a hobgoblin.

Vanquished Creatures
  An orc priest (D:3)
  2 adders
  2 worms
  3 dart slugs
  A leopard gecko (D:2)
  6 orcs
  A giant cockroach (D:2)
  5 goblins
  4 hobgoblins (D:2)
  A quokka (D:2)
  A ball python (D:1)
  9 bats
  4 frilled lizards
  2 kobolds (D:1)
  3 rats
45 creatures vanquished.

Notes
Turn   | Place    | Note
-------+----------+-------------------------------------------
     0 | D:1      | Manul the Mummy Wanderer began the quest for the Orb.
     0 | D:1      | Manul set off with: a +2 hand axe, a scroll of teleportation, a +0 quarterstaff, a +0 robe
     0 | D:1      | Reached XP level 1. HP: 15/15 MP: 1/1
   408 | D:1      | Reached XP level 2. HP: 14/21 MP: 2/2
   678 | D:1      | Reached skill level 3 in Axes
  1112 | D:2      | Reached XP level 3. HP: 4/26 MP: 3/3
  2172 | D:2      | Found a glowing golden altar of the Shining One.
  2249 | D:2      | Learned a level 1 spell: Confusing Touch
  2799 | D:2      | Reached XP level 4. HP: 16/32 MP: 4/4
  3216 | D:3      | Slain by an orc

Vault maps used:
D:1:      eino_arrival_cavern_a
D:2:      tso_altar, first_bread
D:3:      kennysheep_decorative_pillar, uniq_purgy

Skill      XL: |  1  2  3  4 |
---------------+-------------+-----
Axes           | 3 |  3.7
Armour         | 2 |  2.0
Fighting       | |  1.4
Staves         | |  1.0
Dodging        | |  1.9
Shields        | |  1.0
Evocations     | |  1.0

Action                   |  1- 3 |  4- 6 || total
-------------------------+-------+-------++-------
Melee: Hand axe          |   142 |    12 ||   154
  Use: Scroll            |     3 |       ||     3
Armor: Robe              |     9 |       ||     9
       Leather armour    |    44 |     2 ||    46
Dodge: Dodged            |    97 |     9 ||   106
